 Dungeon Crawl Stone Soup version 0.25-a0-869-g05d4e06a41 (webtiles) character file.

Game seed: 17969233177789396626, levelgen mode: deterministic

130 Maedhros the Insei (level 5, -12/32 HPs)
             Began as an Octopode Chaos Knight on May 1, 2020.
             Was a Plaything of Xom.
             Splashed by Ijyb's acid (15 damage)
             ... on level 4 of the Dungeon.
             The game lasted 00:03:28 (10412 turns).

Maedhros the Insei (Octopode Chaos Knight)         Turns: 10412, Time: 00:03:29

Health: -12/32     AC:  1    Str:  9    XL:     5   Next: 13%
Magic:  4/4        EV: 13    Int: 12    God:    Xom [*.....]
Gold:   155        SH:  0    Dex: 13    Spells: 4/4 levels left

rFire    . . .     SeeInvis .     - Unarmed
rCold    . . .     Gourm    +   (no shield)
rNeg     . . .     Faith    .   (helmet restricted)
rPois    .         Spirit   .   h - amulet of the gourmand
rElec    +         Reflect  .   j - ring of teleportation (curse)
rCorr    .         Harm     .   (no ring)
MR       .....     Rnd*Tele +   (no ring)
Stlth    ++........             (no ring)
HPRegen  0.10/turn              (no ring)
MPRegen  0.09/turn              (no ring)
                                (no ring)
                                (no ring)

@: drained
A: almost no armour, stealthy swim, amphibious, 8 rings, constrict 8, camouflage
1, dopey 1, frail 1, low mp 1, screaming 1, electricity resistance, weak 1,
gelatinous body 1
a: Renounce Religion


You were on level 4 of the Dungeon.
You worshipped Xom.
You were a special plaything of Xom.
You were hungry.

You visited 1 branch of the dungeon, and saw 4 of its levels.

You collected 155 gold pieces.

Inventory:

Missiles
 n - 7 poisoned darts (quivered)
Jewellery
 h - an amulet of the gourmand (around mantle)
 j - a cursed ring of teleportation (left tentacle)
Scrolls
 b - a scroll of blinking {unknown}
 c - a scroll of teleportation {unknown}
 f - a scroll of amnesia {unknown}
 g - 4 scrolls of identify {unknown}
 k - a scroll of noise {unknown}
 l - 3 scrolls of remove curse {unknown}
 m - a scroll of magic mapping {unknown}
Potions
 d - 3 potions of lignification {unknown}
 e - 2 potions of curing
 i - 2 potions of flight {unknown}
 o - a potion of heal wounds {unknown}
 p - a potion of stabbing {unknown}
Comestibles
 a - 5 rations


   Skills:
 - Level 3.0(2.2) Fighting
 - Level 2.3(1.6) Dodging
 + Level 5.6(4.9) Unarmed Combat


You had 4 spell levels left.
You didn't know any spells.
Your spell library was empty.

Dungeon Overview and Level Annotations

Branches:
Dungeon (4/15)
 Temple: D:4-7

Altars:
Hepliaklqana
Xom

Annotations:
D:4 Ijyb


Innate Abilities, Weirdness & Mutations

You cannot wear most types of armour.
You are very stealthy in the water. (Stealth+)
You are amphibious.
You can wear up to eight rings at the same time.
You can use your tentacles to constrict eight enemies at once.
Your skin changes colour to match your surroundings (Stealth+).
Your rubbery body absorbs attacks. (AC +1, EV +1)
You are dopey. (Int -2)
You are frail. (-10% HP)
Your magical capacity is low. (-10% MP)
You occasionally shout uncontrollably at your foes.
You are resistant to electric shocks. (rElec)
You are weak. (Str -2)


Message History

Ijyb zaps a wand.
The bolt of acid hits you!
You are splashed with acid!
* * * LOW HITPOINT WARNING * * *
You are too injured to fight recklessly!
It was a potion of curing.
You feel better.
Xom roars with laughter!
The ball python misses you. The ball python barely misses you.
Ijyb barely misses you.
You tentacle-slap Ijyb but do no damage.
Your grab misses Ijyb.
Ijyb is moderately wounded.
The ball python misses you. The ball python barely misses you. Ijyb hits you.
* * * LOW HITPOINT WARNING * * *
You feel better.
The ball python bites you but does no damage.
The ball python closely misses you.
Ijyb zaps a wand.
The bolt of acid hits you!
* * * LOW HITPOINT WARNING * * *
You are splashed with acid!
You die...
Xom chuckles heartily!

#..>......# .#...#.###
#### #.....# . ..#
#.##..# ..# ####.#### ##
#...# #...#.......# .
#...# .).........#
.####...###
.......%...##.#.##......
......g@......#.........
......$S....###.####....
..............(.........
...........####.####....
...........# #....#>...
...........# ####.##...
...........# #<##...
...........# ####...
....... #...


You could see Ijyb and a ball python.

Vanquished Creatures
  An iguana (D:3)
  A hound zombie (D:2)
  2 adders
  An ooze (D:2)
  2 worms (D:2)
  3 dart slugs
  2 leopard geckos
  9 bats
  3 giant cockroaches
  6 hobgoblins
  A quokka (D:3)
  3 ball pythons
  7 frilled lizards
  8 goblins
  3 kobolds
  10 rats
62 creatures vanquished.

Notes
Turn   | Place    | Note
-------+----------+-------------------------------------------
     0 | D:1      | Maedhros the Octopode Chaos Knight began the quest for the
                  | Orb.
     0 | D:1      | Reached XP level 1. HP: 16/16 MP: 1/1
   161 | D:1      | Reached XP level 2. HP: 10/21 MP: 2/2
   212 | D:2      | Found a hazy altar of Hepliaklqana.
   378 | D:2      | Reached skill level 4 in Unarmed Combat
   391 | D:2      | Reached XP level 3. HP: 12/26 MP: 3/3
   429 | D:2      | XOM: silly message
   560 | D:1      | XOM: silly message
   600 | D:1      | XOM: silly message
   617 | D:1      | XOM: silly message
   687 | D:1      | XOM: cloud trail
   716 | D:1      | XOM: silly message
  1050 | D:1      | XOM: silly message
  1313 | D:1      | XOM: silly message
  1737 | D:1      | XOM is BORED!
  1737 | D:1      | XOM: silly message
  1899 | D:1      | XOM: silly message
  2268 | D:1      | XOM: cloud trail
  2461 | D:1      | XOM: give mutations
  2461 | D:1      | Gained mutation: Your body sometimes deteriorates upon
                  | taking damage. [Xom's mischief]
  2461 | D:1      | Gained mutation: Scrolls take you a little longer to read.
                  | [Xom's mischief]
  2461 | D:1      | Gained mutation: You are resistant to electric shocks.
                  | (rElec) [Xom's mischief]
  2803 | D:1      | XOM: give mutations
  2803 | D:1      | Gained mutation: You are dopey. (Int -2) [Xom's mischief]
  2803 | D:1      | Lost mutation: Scrolls take you a little longer to read.
                  | [Xom's mischief]
  3378 | D:2      | XOM is BORED!
  3378 | D:2      | XOM: 8-stop teleportation journey
  3472 | D:2      | Reached XP level 4. HP: 31/31 MP: 4/4
  3663 | D:2      | Reached skill level 5 in Unarmed Combat
  4681 | D:1      | XOM: give mutations
  4681 | D:1      | Gained mutation: You occasionally shout uncontrollably at
                  | your foes. [Xom's mischief]
  4681 | D:1      | Lost mutation: You are dopey. (Int -2) [Xom's mischief]
  4681 | D:1      | Gained mutation: Your body often deteriorates upon taking
                  | damage. [Xom's mischief]
  4707 | D:1      | XOM: give mutation
  4707 | D:1      | Gained mutation: Your magical capacity is low. (-10% MP)
                  | [Xom's mischief]
  4740 | D:1      | XOM: scenery: create altars
  5023 | D:1      | XOM: silly message
  5267 | D:1      | XOM is BORED!
  5728 | D:1      | XOM: god gift: scroll labeled RUICRA NUMMAI {god gift}
  6048 | D:1      | XOM: scenery: create altars
  6400 | D:1      | XOM: summons 2 hostile demons
  7099 | D:2      | XOM: draining
  7179 | D:2      | XOM: give mutations
  7179 | D:2      | Gained mutation: You are weak. (Str -2) [Xom's mischief]
  7179 | D:2      | Gained mutation: You are clumsy. (Dex -2) [Xom's mischief]
  7182 | D:2      | XOM: stat loss: -1 Int (13/14)
  7480 | D:3      | XOM: give mutations
  7480 | D:3      | Lost mutation: Your body often deteriorates upon taking
                  | damage. [Xom's mischief]
  7480 | D:3      | Gained mutation: You are dopey. (Int -2) [Xom's mischief]
  7480 | D:3      | Lost mutation: Your body sometimes deteriorates upon taking
                  | damage. [Xom's mischief]
  7680 | D:2      | XOM is BORED!
  7680 | D:2      | XOM: summons 1 hostile demon
  8180 | D:2      | XOM: silly message
  8418 | D:2      | XOM: scenery: 1 doors close
  9012 | D:2      | XOM: cloud trail
  9718 | D:2      | XOM: give mutation
  9718 | D:2      | Lost mutation: You are clumsy. (Dex -2) [Xom's mischief]
  9951 | D:3      | XOM: swap monsters
  9961 | D:3      | Reached XP level 5. HP: 36/36 MP: 4/4
 10195 | D:3      | XOM: give mutations
 10195 | D:3      | Gained mutation: You are clumsy. (Dex -2) [Xom's mischief]
 10195 | D:3      | Gained mutation: You are frail. (-10% HP) [Xom's mischief]
 10195 | D:3      | Lost mutation: You are clumsy. (Dex -2) [Xom's mischief]
 10404 | D:4      | Noticed Ijyb
 10412 | D:4      | Splashed by Ijyb's acid

Levels and vault maps discovered:
D:1:      kilobyte_arrival_exit_the_forest, layout_loops_ring
D:2:      layout_basic, lemuel_crystal_altar, chequers_serial_rivers_small_3
D:3:      layout_loops_corners
D:4:      layout_basic, nicolae_overflow_crystal_walls, first_ration, uniq_ijyb,
          uniq_pikel

Skill      XL: |  1  2  3  4 |
---------------+-------------+-----
Unarmed Combat | 4 5 |  5.6
Fighting       | |  3.0
Dodging        | |  2.3

Action                   |  1- 3 |  4- 6 || total
-------------------------+-------+-------++-------
Melee: Unarmed           |    77 |    64 ||   141
       Constrict         |    24 |    10 ||    34
       Tentacles         |    11 |    14 ||    25
       Punch             |     3 |     1 ||     4
  Use: Scroll            |       |     1 ||     1
       Potion            |       |     2 ||     2
 Stab: Sleeping          |     5 |     3 ||     8
       Distracted        |       |     1 ||     1
  Eat: Chunk             |     9 |    21 ||    30
Armor: Skin              |     7 |     3 ||    10
Dodge: Dodged            |    50 |    37 ||    87

Table legend:
 A = Non-vault XP
 B = Vault XP
 C = Vault XP percentage of total XP
 D = Non-vault monster count
 E = Vault monster count
 F = Vault count percentage of total count
                 A         B        C        D         E       F
            +---------+---------+-------+---------+---------+-------
      Total |     186 |       0 |   0.0 |      62 |       0 |   0.0
            +---------+---------+-------+---------+---------+-------
        D:1 |      40 |       0 |   0.0 |      26 |       0 |   0.0
        D:2 |      72 |       0 |   0.0 |      25 |       0 |   0.0
        D:3 |      61 |       0 |   0.0 |      10 |       0 |   0.0
        D:4 |      13 |       0 |   0.0 |       1 |       0 |   0.0
            +---------+---------+-------+---------+---------+-------
